 Dungeon Crawl Stone Soup version 0.29.0-5-ge4962eb29e (webtiles) character file.

Game seed: 12687963018800067180

1439 LynnLen the Covert (level 8, -1/40 HPs)
             Began as a Spriggan Enchanter on Aug 30, 2022.
             Engulfed by a steam dragon's steam (5 damage)
             ... on level 6 of the Dungeon.
             The game lasted 00:39:49 (10604 turns).

LynnLen the Covert (Spriggan Enchanter)            Turns: 10604, Time: 00:39:49

Health: -1/40      AC:  2    Str:  4    XL:     8   Next: 45%
Magic:  15/17      EV: 17    Int: 19    God:
Gold:   274        SH:  0    Dex: 15    Spells: 4/18 levels left

rFire   . . .      SeeInvis +   j - +2 short sword (protect)
rCold   . . .      Faith    .   r - orb {*channel}
rNeg    . . .      Spirit   .   b - +0 robe
rPois   .          Reflect  .   (helmet restricted)
rElec   .          Harm     .   (no cloak)
rCorr   +          Rampage  .   (gloves unavailable)
Will    +....                   (boots unavailable)
Stlth   ++++......              (no amulet)
HPRegen 0.13/turn               h - ring of resist corrosion
MPRegen 0.15/turn               (no ring)

@: very slightly contaminated, invisible, very quick
A: very small, no large weapons, unfitting armour, see invisible, speed 3
a: no special abilities


You were on level 6 of the Dungeon.
You visited 1 branch of the dungeon, and saw 6 of its levels.

You collected 316 gold pieces.
You spent 42 gold pieces at shops.

Inventory:

Hand Weapons
 j - a +2 short sword of protection (weapon)
 p - a +1 short sword of holy wrath
 v - a +2 dagger of venom
Missiles
 n - 46 stones
Armour
 b - a +0 robe (worn)
 r - an orb of energy (worn)
Jewellery
 h - a ring of resist corrosion (left hand)
Wands
 w - a wand of paralysis (16)
Scrolls
 i - a scroll of poison
 m - a scroll of torment
 o - a scroll of brand weapon
 q - a scroll of amnesia
 t - 3 scrolls of teleportation
 u - 2 scrolls of fear {unknown}
 y - a scroll of fog
 z - a scroll of silence
Potions
 d - 2 potions of magic
 e - 2 potions of resistance
 g - a potion of flight
 k - 2 potions of attraction
 l - a potion of mutation


   Skills:
 + Level 3.4 Fighting
 + Level 1.8 Short Blades
 - Level 2.6 Dodging
 + Level 8.1 Stealth
 + Level 5.8 Spellcasting
 - Level 1.5 Conjurations
 - Level 5.2 Hexes
 - Level 2.2 Transmutations
 + Level 3.1 Ice Magic
 - Level 3.0 Earth Magic


You had 4 spell levels left.
You knew the following spells:

 Your Spells              Type           Power      Damage    Failure   Level
a - Ensorcelled Hibernat  Hex/Ice        42%        N/A       3%          2
b - Confusing Touch       Hex            25%        N/A       4%          3
c - Tukima's Dance        Hex            25%        N/A       4%          3
d - Sandblast             Erth           34%        2d9       3%          1
e - Passwall              Tmut/Erth      12%        N/A       6%          2
f - Stone Arrow           Conj/Erth      28%        3d8       13%         3

Your spell library contained the following spells:

 Spells                   Type           Power      Damage    Failure   Level
 Wereblood                Tmut           14%        N/A       7%          2
 Dazzling Flash           Conj/Hex       36%        N/A       9%          3
 Portal Projectile        Hex/Tloc       30%        N/A       12%         3
 Sublimation of Blood     Necr           5%         N/A       17%         2
 Ice Form                 Ice/Tmut       15%        N/A       36%         4
 Hailstorm                Conj/Ice       14%        3d5       41%         4
 Blade Hands              Tmut           7%         N/A       77%         5
 Simulacrum               Ice/Necr       5%         N/A       100%        6
 Summon Hydra             Summ           2%         N/A       100%        7


Dungeon Overview and Level Annotations

Branches:
Dungeon (6/15)
 Temple: D:4-7

Altars:

Shops:
D:1 ?

Annotations:
D:6 Maggie


Innate Abilities, Weirdness & Mutations

You are very small and have problems with some larger weapons.
You are too small for most types of armour.
You have supernaturally acute eyesight. (SInv)
You cover ground extremely quickly. (Speed+++)


Message History

You hit Maggie but do no damage.
Maggie is severely wounded.
You are engulfed in a cloud of scalding steam.
* * * LOW HITPOINT WARNING * * *
Okay, then.
You feel much better.
Aiming: Ensorcelled Hibernation (safe; 3% risk of failure)
Press: ? - help, Q - select action, (/) - cycle Shift-Dir - straight line, f - steam dragon
Aim: a steam dragon (chance to affect: 53%)
The steam dragon resists with significant effort.
Aiming: Ensorcelled Hibernation (safe; 3% risk of failure)
Press: ? - help, Q - select action, (/) - cycle Shift-Dir - straight line, f/p - steam dragon
Aim: a steam dragon (chance to affect: 53%)
The steam dragon resists with significant effort.
The steam dragon bites you. The steam dragon claws you.
Unknown command.
Aiming: Ensorcelled Hibernation (safe; 3% risk of failure)
Press: ? - help, Q - select action, (/) - cycle Shift-Dir - straight line, f/p - steam dragon
Aim: a steam dragon (chance to affect: 53%)
The steam dragon resists with significant effort.
The steam dragon misses you. The steam dragon completely misses you.
Unknown command.
You don't have enough magic to cast this spell.
Magic courses through your body. The steam dragon breathes steam at you.
The ball of steam hits you!
You fade into invisibility!
You are engulfed in a cloud of scalding steam.
* * * LOW HITPOINT WARNING * * *
The steam dragon breathes steam at you. The ball of steam hits you!
* * * LOW HITPOINT WARNING * * *
Aiming: Ensorcelled Hibernation (safe; 3% risk of failure)
Press: ? - help, Q - select action, (/) - cycle Shift-Dir - straight line, f/p - steam dragon
Aim: a steam dragon (unable to see you, chance to affect: 53%)
You miscast Ensorcelled Hibernation.
You are very lightly contaminated with residual magic.
Nothing appears to happen.
You are engulfed in a cloud of scalding steam.
You die...

#.##).[....<.###...8...
#.##..#.#.).##....##...
#.#..######.##8.....#..
#.#.###.#####......8#.#
#..#.§§..##8.........#.
#..##§.⌠.............).
##.@#.#..§#.8.........#.
##...)###§.###.......8###
#......#..#@#.#####8....##..
.......@..D###...###...##...
..................###.##8...
...............##.#.8..#....
.#.D..............##.##....#...
........(.>..........##...##...
....(......#########.##...##...
..........## #.##...#....
...........# #######.#.........


You could see Maggie (confused, unable to see you) and a steam dragon (unable to
see you).

Vanquished Creatures
  A dancing weapon (D:6)
  An orc warrior (D:5)
  An ogre (D:4)
  2 phantoms
  2 scorpions
  A necrophage (D:4)
  2 wights (D:5)
  5 orc priests
  2 hounds
  4 orc wizards
  Natasha (thrice) (D:3)
  Robin (D:3)
  2 gnolls (D:5)
  3 adders
  2 shadow imps
  A white imp (D:5)
  An ufetubus (D:4)
  2 worms
  6 dart slugs
  37 orcs
  4 endoplasms
  7 giant cockroaches
  23 goblins
  15 hobgoblins
  6 jackals
  A quokka (D:1)
  9 ball pythons
  8 bats
  3 frilled lizards (D:1)
  7 kobolds
  7 rats
169 creatures vanquished.

Vanquished Creatures (collateral kills)
  3 wights (D:5)
  An adder (D:6)
  3 orcs (D:6)
7 creatures vanquished.

Vanquished Creatures (others)
  2 dancing weapons (D:5)
  3 plants (D:5)
5 creatures vanquished.

Grand Total: 181 creatures vanquished

Notes
Turn   | Place    | Note
-------+----------+-------------------------------------------
     0 | D:1      | LynnLen the Spriggan Enchanter began the quest for the Orb.
     0 | D:1      | Reached XP level 1. HP: 9/9 MP: 5/5
   267 | D:1      | Found Cann's Magic Scroll Emporium.
   630 | D:1      | Reached XP level 2. HP: 11/14 MP: 6/6
  1071 | D:1      | Learned a level 2 spell: Ensorcelled Hibernation
  1373 | D:1      | Reached skill level 5 in Stealth
  1693 | D:1      | Reached XP level 3. HP: 13/17 MP: 8/8
  1697 | D:1      | Learned a level 3 spell: Confusing Touch
  2456 | D:1      | Found a faded altar of an unknown god.
  2523 | D:1      | Reached skill level 1 in Fighting
  3507 | D:2      | Reached XP level 4. HP: 22/22 MP: 10/10
  3518 | D:2      | Learned a level 3 spell: Tukima's Dance
  3523 | D:2      | Learned a level 1 spell: Sandblast
  3804 | D:1      | Bought a scroll of identify for 28 gold pieces
  3804 | D:1      | Bought a scroll of noise for 14 gold pieces
  4714 | D:3      | Reached skill level 1 in Ice Magic
  4936 | D:3      | Noticed Robin
  5012 | D:3      | Killed Robin
  5013 | D:3      | Reached XP level 5. HP: 24/25 MP: 8/11
  5406 | D:3      | Noticed Natasha
  5415 | D:3      | Killed Natasha
  5416 | D:3      | Reached skill level 1 in Earth Magic
  5561 | D:3      | Noticed Natasha
  5645 | D:3      | Killed Natasha
  5690 | D:3      | Noticed Natasha
  5713 | D:3      | Killed Natasha
  5714 | D:3      | Reached skill level 6 in Stealth
  5978 | D:3      | Reached XP level 6. HP: 30/30 MP: 13/13
  6608 | D:4      | Reached skill level 5 in Hexes
  7034 | D:4      | Reached XP level 7. HP: 35/35 MP: 14/14
  7037 | D:4      | Learned a level 2 spell: Passwall
  7041 | D:4      | Learned a level 3 spell: Stone Arrow
  7696 | D:5      | Entered Level 5 of the Dungeon
  8539 | D:5      | Reached skill level 7 in Stealth
  8722 | D:5      | Reached skill level 5 in Spellcasting
  8941 | D:5      | Reached skill level 1 in Conjurations
  9055 | D:5      | Reached skill level 1 in Transmutations
  9422 | D:5      | Reached XP level 8. HP: 39/40 MP: 4/16
  9824 | D:6      | Noticed Maggie
 10438 | D:6      | Reached skill level 8 in Stealth
 10604 | D:6      | Engulfed by a steam dragon's steam

Illustrated notes

Levels and vault maps discovered:
D:1:      dpeg_arrival_tiny_e, layout_basic, serial_shops, nicolae_shop_stone,
          nicolae_ecumenical_lake_church, minmay_fountain_box, st_stairs_9,
          minmay_hexomino_p4
D:2:      layout_basic
D:3:      layout_basic, uniq_natasha, uniq_robin
D:4:      minmay_general_purpose_star, layout_loops_corners
D:5:      corexii_shantytown, layout_cave_pools, mrwooster_statue_mirror
D:6:      hellmonk_crumbling_castle, layout_rooms, ebering_ghost_gozag,
          uniq_maggie

Skill      XL: |  1  2  3  4  5  6  7  8 |
---------------+-------------------------+-----
Spellcasting   | 3 4 5 |  5.8
Hexes          | 4 5 |  5.2
Stealth        | 5 6 7 8 |  8.1
Fighting       | 1 2 3 |  3.4
Ice Magic      | 1 2 3 |  3.1
Earth Magic    | 1 2 3 |  3.0
Conjurations   | 1 |  1.5
Transmutations | 1 2 |  2.2
Short Blades   | |  1.8
Dodging        | |  2.6

Action                   |  1- 3 |  4- 6 |  7- 9 || total
-------------------------+-------+-------+-------++-------
Melee: Dagger            |   192 |    36 |       ||   228
       Short sword       |       |    77 |   197 ||   274
       Punch             |       |     1 |       ||     1
 Cast: Ensorcelled Hiber |     9 |    31 |    21 ||    61
       Sandblast         |       |    24 |    30 ||    54
       Confusing Touch   |       |     2 |     4 ||     6
       Tukima's Dance    |       |     1 |    11 ||    12
  Use: Scroll            |       |     7 |     7 ||    14
       Potion            |       |     3 |     5 ||     8
 Stab: Sleeping          |    12 |    21 |    28 ||    61
       Confused          |       |     2 |     3 ||     5
       Distracted        |       |       |     1 ||     1
Armor: Robe              |    47 |    25 |    23 ||    95
Dodge: Dodged            |   181 |    94 |   146 ||   421
